[ AOE2 MATCH · #472471680 ]
UnrankedMalians vs Ethiopians
[ REPLAY ANALYSIS · EXTRACTED FROM THE RECORDED GAME ]
Feudal
8:57
Castle
—
Imperial
—
| APM avg | 47.6 |
| APM peak | 142 |
| eAPM avg | 13.9 |
| Villagers / military | 55 / 44 |
Focus
⚔️ 33.6% · 🌾 66.4%
Scout Cavalry ×44
Feudal
9:28
Castle
21:51
Imperial
—
| APM avg | 39.3 |
| APM peak | 72 |
| eAPM avg | 16.2 |
| Villagers / military | 29 / 36 |
Focus
⚔️ 37.5% · 🌾 62.5%
Archer ×35 · Skirmisher ×1
Feudal
9:41
Castle
24:07
Imperial
—
| APM avg | 85.9 |
| APM peak | 141 |
| eAPM avg | 49.7 |
| Villagers / military | 51 / 46 |
Focus
⚔️ 69.4% · 🌾 30.6%
Archer ×46
Feudal
8:26
Castle
—
Imperial
—
| APM avg | 64.8 |
| APM peak | 133 |
| eAPM avg | 17.7 |
| Villagers / military | 51 / 24 |
Focus
⚔️ 33.6% · 🌾 66.4%
Scout Cavalry ×24
Feudal
9:34
Castle
—
Imperial
—
| APM avg | 47.8 |
| APM peak | 106 |
| eAPM avg | 16.6 |
| Villagers / military | 38 / 29 |
Focus
⚔️ 34.0% · 🌾 66.0%
Archer ×28 · Spearman ×1
Feudal
9:26
Castle
23:33
Imperial
—
| APM avg | 58.5 |
| APM peak | 108 |
| eAPM avg | 16.6 |
| Villagers / military | 43 / 23 |
Focus
⚔️ 33.9% · 🌾 66.1%
Scout Cavalry ×18 · Knight ×5
Feudal
9:19
Castle
—
Imperial
—
| APM avg | 29.2 |
| APM peak | 63 |
| eAPM avg | 8.9 |
| Villagers / military | 48 / 14 |
Focus
⚔️ 17.0% · 🌾 83.0%
Scout Cavalry ×14
Feudal
8:51
Castle
23:54
Imperial
—
| APM avg | 93.5 |
| APM peak | 137 |
| eAPM avg | 28.0 |
| Villagers / military | 57 / 47 |
Focus
⚔️ 43.7% · 🌾 56.3%
Archer ×47
Match map
Initial resources + every placement click. Lines = walls · curves = elevation contours. ◆ gold · ⬟ stone · ● berries · ✦ relic · ◌ wall gap
Your base· Open — unwalled flank
TKB_'s base· Open — unwalled flank
[SotC] Spirit's base· Open — unwalled flank
[SotC] PerezPodrido's base· Open — 7t gap
Dongart's base· Open — unwalled flank
[SotC] Astronomical's base· Open — 7t gap
AiM | PoRRo's base· Open — unwalled flank
[SotC] Nettis's base· Open — 3t gap
Smoothed initial terrain · ◌ = detected wall gap · hover for details
Inputs per minute
— |MP| Juanete177 - - TKB_
Build order — |MP| Juanete177
First 150 of 171 actions detected
| 0:01 | Queue | Villager (Male) |
| 0:01 | Queue | Villager (Male) |
| 0:02 | Build | House |
| 0:03 | Build | House |
| 0:11 | Queue | Villager (Male) |
| 0:11 | Queue | Villager (Male) |
| 0:12 | Queue | Villager (Male) |
| 1:26 | Queue | Villager (Male) |
| 1:51 | Build | Lumber Camp |
| 1:52 | Queue | Villager (Male) |
| 2:21 | Queue | Villager (Male) |
| 2:52 | Queue | Villager (Male) |
| 2:56 | Queue | Villager (Male) |
| 3:01 | Build | House |
| 3:34 | Queue | Villager (Male) |
| 3:49 | Build | Mill |
| 4:10 | Queue | Villager (Male) |
| 4:35 | Queue | Villager (Male) |
| 4:42 | Queue | Villager (Male) |
| 5:10 | Queue | Villager (Male) |
| 5:10 | Queue | Villager (Male) |
| 5:28 | Queue | Villager (Male) |
| 5:44 | Research | Loom |
| 6:47 | Research | Feudal Age |
| 6:56 | Build | Lumber Camp |
| 7:53 | Build | Barracks |
| 8:16 | Build | House |
| 8:20 | Queue | Villager (Male) |
| 8:57 | Age | Feudal Age |
| 9:01 | Build | Stable |
| 9:07 | Research | Double-Bit Axe |
| 9:17 | Queue | Villager (Male) |
| 9:34 | Build | House |
| 9:41 | Queue | Scout Cavalry |
| 9:48 | Queue | Villager (Male) |
| 9:50 | Build | Farm |
| 9:56 | Build | House |
| 10:04 | Queue | Scout Cavalry |
| 10:05 | Queue | Villager (Male) |
| 10:11 | Build | Palisade Wall |
| 10:23 | Queue | Villager (Male) |
| 10:30 | Build | House |
| 10:40 | Queue | Scout Cavalry |
| 10:42 | Queue | Villager (Male) |
| 10:45 | Build | Farm |
| 10:49 | Build | House |
| 11:03 | Queue | Villager (Male) |
| 11:10 | Queue | Scout Cavalry |
| 11:15 | Build | Palisade Wall |
| 11:23 | Queue | Villager (Male) |
| 11:40 | Build | Farm |
| 11:41 | Build | Farm |
| 11:43 | Build | Farm |
| 11:47 | Queue | Scout Cavalry |
| 11:59 | Build | Farm |
| 12:00 | Queue | Villager (Male) |
| 12:19 | Queue | Villager (Male) |
| 12:27 | Queue | Villager (Male) |
| 12:41 | Build | Farm |
| 12:43 | Queue | Scout Cavalry |
| 13:00 | Build | House |
| 13:04 | Queue | Scout Cavalry |
| 13:07 | Build | Farm |
| 13:17 | Build | Palisade Wall |
| 13:19 | Queue | Villager (Male) |
| 13:38 | Build | Blacksmith |
| 13:42 | Build | House |
| 13:47 | Queue | Scout Cavalry |
| 13:53 | Queue | Villager (Male) |
| 13:55 | Build | Farm |
| 13:56 | Build | Farm |
| 14:07 | Queue | Villager (Male) |
| 14:14 | Queue | Scout Cavalry |
| 14:20 | Queue | Villager (Male) |
| 14:22 | Build | Farm |
| 14:32 | Build | House |
| 14:37 | Research | Scale Barding Armor |
| 14:43 | Build | Farm |
| 14:43 | Build | Farm |
| 14:43 | Build | Farm |
| 14:44 | Build | Farm |
| 14:44 | Build | Farm |
| 14:54 | Queue | Scout Cavalry |
| 14:56 | Build | Farm |
| 14:58 | Build | House |
| 15:16 | Queue | Villager (Male) |
| 15:28 | Build | Farm |
| 15:31 | Build | Palisade Wall |
| 15:34 | Queue | Villager (Male) |
| 15:36 | Queue | Scout Cavalry |
| 15:45 | Build | Mining Camp |
| 16:05 | Research | Forging |
| 16:13 | Queue | Scout Cavalry |
| 16:33 | Queue | Villager (Male) |
| 16:33 | Queue | Villager (Male) |
| 16:52 | Queue | Scout Cavalry |
| 16:52 | Queue | Scout Cavalry |
| 17:04 | Queue | Villager (Male) |
| 17:25 | Build | Farm |
| 17:26 | Build | Farm |
| 17:26 | Build | Farm |
| 17:26 | Build | Farm |
| 17:26 | Build | Farm |
| 17:26 | Build | Farm |
| 17:32 | Queue | Scout Cavalry |
| 17:36 | Queue | Villager (Male) |
| 18:12 | Build | Stable |
| 18:15 | Queue | Villager (Male) |
| 18:19 | Queue | Scout Cavalry |
| 18:27 | Research | Horse Collar |
| 18:35 | Queue | Villager (Male) |
| 18:49 | Queue | Scout Cavalry |
| 18:59 | Queue | Villager (Male) |
| 19:05 | Research | Bloodlines |
| 19:12 | Queue | Villager (Male) |
| 19:23 | Queue | Scout Cavalry |
| 19:39 | Queue | Villager (Male) |
| 19:39 | Queue | Villager (Male) |
| 19:44 | Queue | Scout Cavalry |
| 19:45 | Queue | Scout Cavalry |
| 19:53 | Queue | Villager (Male) |
| 20:01 | Queue | Scout Cavalry |
| 20:01 | Queue | Scout Cavalry |
| 20:09 | Queue | Villager (Male) |
| 20:14 | Queue | Scout Cavalry |
| 20:22 | Build | House |
| 20:22 | Build | House |
| 20:22 | Build | House |
| 20:28 | Queue | Scout Cavalry |
| 20:28 | Queue | Scout Cavalry |
| 20:31 | Queue | Villager (Male) |
| 20:31 | Queue | Villager (Male) |
| 20:40 | Queue | Villager (Male) |
| 20:40 | Queue | Villager (Male) |
| 20:57 | Queue | Scout Cavalry |
| 21:13 | Queue | Scout Cavalry |
| 21:14 | Queue | Scout Cavalry |
| 21:19 | Queue | Villager (Male) |
| 21:19 | Queue | Villager (Male) |
| 21:39 | Queue | Scout Cavalry |
| 21:39 | Queue | Scout Cavalry |
| 21:42 | Queue | Villager (Male) |
| 21:42 | Queue | Villager (Male) |
| 21:58 | Queue | Scout Cavalry |
| 22:04 | Build | Mill |
| 22:05 | Build | Farm |
| 22:05 | Build | Farm |
| 22:05 | Build | Farm |
| 22:06 | Build | Farm |
| 22:06 | Build | Farm |
Build order — TKB_
95 actions detected in the replay
| 0:01 | Queue | Villager (Male) |
| 0:02 | Build | House |
| 0:03 | Build | House |
| 0:06 | Research | Loom |
| 0:25 | Queue | Villager (Male) ×3 |
| 1:34 | Queue | Villager (Male) |
| 1:49 | Build | Lumber Camp |
| 2:11 | Queue | Villager (Male) |
| 2:36 | Queue | Villager (Male) |
| 2:59 | Queue | Villager (Male) ×2 |
| 3:49 | Build | House |
| 3:59 | Queue | Villager (Male) ×2 |
| 4:37 | Queue | Villager (Male) |
| 4:45 | Build | Mill |
| 5:08 | Queue | Villager (Male) ×3 |
| 5:30 | Build | House |
| 6:19 | Build | Mining Camp |
| 6:25 | Queue | Villager (Male) |
| 7:18 | Research | Feudal Age |
| 7:55 | Build | Barracks |
| 8:27 | Build | House |
| 8:51 | Build | Palisade Wall |
| 9:03 | Queue | Villager (Male) |
| 9:22 | Build | Palisade Wall |
| 9:28 | Age | Feudal Age |
| 9:31 | Build | Archery Range |
| 9:42 | Research | Double-Bit Axe |
| 9:44 | Queue | Villager (Male) |
| 9:47 | Build | Palisade Wall |
| 10:01 | Queue | Villager (Male) |
| 10:23 | Build | Blacksmith |
| 10:31 | Queue | Archer |
| 10:31 | Queue | Archer |
| 10:46 | Queue | Villager (Male) |
| 11:04 | Queue | Archer |
| 11:14 | Research | Fletching |
| 11:28 | Build | Archery Range |
| 11:35 | Queue | Archer |
| 11:55 | Queue | Archer |
| 11:56 | Queue | Skirmisher |
| 12:14 | Queue | Villager (Male) |
| 12:14 | Queue | Villager (Male) |
| 12:16 | Queue | Archer |
| 12:26 | Queue | Villager (Male) |
| 12:33 | Build | House |
| 12:36 | Build | House |
| 12:39 | Queue | Archer |
| 12:39 | Queue | Archer |
| 12:56 | Queue | Archer |
| 12:58 | Build | House |
| 13:22 | Queue | Archer |
| 13:38 | Build | House |
| 13:43 | Research | Padded Archer Armor |
| 13:44 | Queue | Archer |
| 13:57 | Queue | Archer |
| 14:14 | Queue | Villager (Male) |
| 14:15 | Queue | Villager (Male) |
| 14:29 | Queue | Archer |
| 14:30 | Queue | Archer |
| 14:44 | Queue | Archer |
| 14:44 | Queue | Villager (Male) |
| 14:50 | Build | Farm |
| 14:50 | Build | Farm |
| 14:51 | Build | Farm |
| 14:51 | Build | Farm |
| 15:01 | Queue | Villager (Male) |
| 15:08 | Queue | Archer |
| 15:11 | Build | Palisade Wall |
| 15:26 | Queue | Archer |
| 15:42 | Queue | Archer |
| 15:42 | Queue | Archer |
| 15:43 | Queue | Villager (Male) |
| 15:59 | Queue | Archer |
| 16:16 | Queue | Archer |
| 16:29 | Build | Archery Range |
| 16:36 | Queue | Archer |
| 16:40 | Queue | Villager (Male) |
| 16:46 | Build | Market |
| 16:48 | Queue | Archer |
| 17:26 | Queue | Archer |
| 17:27 | Queue | Archer |
| 17:36 | Queue | Archer |
| 17:44 | Build | House |
| 18:26 | Queue | Archer ×5 |
| 19:11 | Research | Castle Age |
| 19:31 | Build | Palisade Wall |
| 19:32 | Build | Palisade Wall |
| 19:56 | Queue | Archer |
| 19:56 | Queue | Archer |
| 20:58 | Queue | Archer |
| 20:58 | Queue | Archer |
| 21:31 | Build | Farm |
| 21:31 | Build | Farm |
| 21:32 | Build | Farm |
| 21:51 | Age | Castle Age |
Build order — [SotC] Spirit
First 150 of 178 actions detected
| 0:01 | Queue | Villager (Male) |
| 0:01 | Queue | Villager (Male) |
| 0:01 | Queue | Villager (Male) |
| 0:02 | Build | House |
| 0:03 | Build | House |
| 0:09 | Queue | Villager (Male) |
| 0:16 | Research | Loom |
| 0:28 | Queue | Villager (Male) |
| 0:28 | Queue | Villager (Male) |
| 0:28 | Queue | Villager (Male) |
| 1:20 | Queue | Villager (Male) |
| 2:07 | Queue | Villager (Male) |
| 2:08 | Queue | Villager (Male) |
| 2:13 | Build | Palisade Wall |
| 2:14 | Build | Palisade Wall |
| 2:15 | Build | Palisade Wall |
| 2:16 | Build | Palisade Wall |
| 2:31 | Queue | Villager (Male) |
| 2:51 | Queue | Villager (Male) |
| 3:02 | Build | Lumber Camp |
| 3:11 | Queue | Villager (Male) |
| 3:31 | Build | House |
| 3:41 | Queue | Villager (Male) |
| 4:06 | Queue | Villager (Male) |
| 4:08 | Build | House |
| 4:24 | Queue | Villager (Male) |
| 4:53 | Queue | Villager (Male) |
| 5:17 | Queue | Villager (Male) |
| 5:53 | Build | Mining Camp |
| 6:03 | Queue | Villager (Male) |
| 6:31 | Queue | Villager (Male) |
| 7:04 | Queue | Villager (Male) |
| 7:29 | Research | Feudal Age |
| 8:08 | Build | House |
| 8:25 | Build | Barracks |
| 8:54 | Queue | Villager (Male) |
| 9:12 | Queue | Villager (Male) |
| 9:24 | Build | House |
| 9:27 | Build | Palisade Wall |
| 9:29 | Build | Palisade Wall |
| 9:34 | Build | Palisade Wall |
| 9:41 | Age | Feudal Age |
| 9:48 | Build | Archery Range |
| 10:01 | Build | Archery Range |
| 10:22 | Queue | Villager (Male) |
| 10:33 | Build | Palisade Gate |
| 10:35 | Build | Palisade Wall |
| 10:40 | Build | Blacksmith |
| 10:43 | Queue | Villager (Male) |
| 10:46 | Queue | Archer |
| 10:51 | Queue | Archer |
| 10:55 | Queue | Archer |
| 10:57 | Queue | Villager (Male) |
| 11:08 | Build | House |
| 11:12 | Queue | Villager (Male) |
| 11:16 | Research | Double-Bit Axe |
| 11:18 | Queue | Archer |
| 11:18 | Queue | Archer |
| 11:30 | Research | Fletching |
| 11:31 | Queue | Archer |
| 11:43 | Queue | Archer |
| 11:43 | Queue | Archer |
| 11:49 | Build | House |
| 12:01 | Build | Mill |
| 12:03 | Queue | Archer |
| 12:10 | Queue | Archer |
| 12:10 | Queue | Archer |
| 12:14 | Build | Palisade Wall |
| 12:15 | Build | Palisade Wall |
| 12:19 | Queue | Villager (Male) |
| 12:29 | Queue | Archer |
| 12:38 | Queue | Archer |
| 12:43 | Queue | Archer |
| 12:57 | Queue | Archer |
| 12:59 | Build | Farm |
| 12:59 | Build | Farm |
| 13:11 | Queue | Archer |
| 13:15 | Build | Palisade Wall |
| 13:28 | Queue | Archer |
| 13:39 | Queue | Villager (Male) |
| 13:39 | Queue | Villager (Male) |
| 13:54 | Queue | Archer |
| 14:07 | Queue | Archer |
| 14:15 | Queue | Villager (Male) |
| 14:27 | Queue | Archer |
| 14:41 | Queue | Villager (Male) |
| 14:41 | Queue | Villager (Male) |
| 14:42 | Build | Farm |
| 14:43 | Build | Farm |
| 14:49 | Build | House |
| 14:52 | Build | House |
| 14:53 | Build | House |
| 14:54 | Build | House |
| 14:55 | Build | Palisade Wall |
| 15:03 | Queue | Villager (Male) |
| 15:04 | Build | Farm |
| 15:05 | Build | Farm |
| 15:07 | Research | Padded Archer Armor |
| 15:10 | Queue | Archer |
| 15:12 | Queue | Archer |
| 15:14 | Build | House |
| 15:19 | Queue | Archer |
| 15:34 | Queue | Villager (Male) |
| 15:34 | Queue | Villager (Male) |
| 15:52 | Queue | Villager (Male) |
| 15:53 | Queue | Archer |
| 15:59 | Queue | Villager (Male) |
| 16:02 | Build | Farm |
| 16:03 | Build | Farm |
| 16:09 | Queue | Archer |
| 16:23 | Build | House |
| 16:24 | Build | Palisade Wall |
| 16:35 | Queue | Archer |
| 16:36 | Queue | Villager (Male) |
| 16:42 | Queue | Villager (Male) |
| 16:43 | Build | House |
| 16:44 | Build | House |
| 16:44 | Build | House |
| 16:57 | Queue | Archer |
| 17:06 | Queue | Archer |
| 17:08 | Queue | Villager (Male) |
| 17:12 | Queue | Archer |
| 17:20 | Queue | Villager (Male) |
| 17:28 | Queue | Villager (Male) |
| 17:29 | Build | Farm |
| 17:32 | Build | Farm |
| 17:47 | Queue | Archer |
| 17:53 | Queue | Archer |
| 18:05 | Queue | Villager (Male) |
| 18:08 | Queue | Archer |
| 18:09 | Queue | Villager (Male) |
| 18:17 | Queue | Archer |
| 18:22 | Queue | Villager (Male) |
| 18:33 | Build | Farm |
| 18:34 | Build | Farm |
| 18:46 | Build | Palisade Gate |
| 18:48 | Build | Palisade Wall |
| 18:53 | Queue | Villager (Male) |
| 18:56 | Queue | Archer |
| 19:04 | Queue | Archer |
| 19:13 | Queue | Villager (Male) |
| 19:15 | Build | Farm |
| 19:22 | Build | House |
| 19:28 | Queue | Archer |
| 19:54 | Build | Farm |
| 19:54 | Build | Farm |
| 20:05 | Queue | Archer |
| 20:11 | Queue | Archer |
| 20:24 | Queue | Villager (Male) |
| 20:38 | Build | Farm |
Build order — [SotC] PerezPodrido
First 150 of 151 actions detected
| 0:01 | Queue | Villager (Male) |
| 0:01 | Queue | Villager (Male) |
| 0:02 | Queue | Villager (Male) |
| 0:03 | Build | House |
| 0:03 | Queue | Villager (Male) |
| 0:05 | Build | House |
| 1:27 | Queue | Villager (Male) |
| 1:27 | Queue | Villager (Male) |
| 1:55 | Queue | Villager (Male) |
| 2:18 | Build | Lumber Camp |
| 2:25 | Queue | Villager (Male) |
| 2:25 | Queue | Villager (Male) |
| 2:50 | Queue | Villager (Male) |
| 2:50 | Queue | Villager (Male) |
| 3:04 | Queue | Villager (Male) |
| 3:04 | Queue | Villager (Male) |
| 3:28 | Queue | Villager (Male) |
| 3:37 | Queue | Villager (Male) |
| 3:47 | Queue | Villager (Male) |
| 4:00 | Build | House |
| 4:08 | Queue | Villager (Male) |
| 4:58 | Queue | Villager (Male) |
| 4:58 | Queue | Villager (Male) |
| 5:05 | Build | Mill |
| 5:41 | Research | Loom |
| 5:52 | Research | Feudal Age |
| 6:49 | Queue | Villager (Male) |
| 7:08 | Build | House |
| 7:35 | Build | Barracks |
| 8:26 | Age | Feudal Age |
| 8:33 | Build | Stable |
| 8:38 | Research | Double-Bit Axe |
| 8:38 | Research | Double-Bit Axe |
| 8:40 | Queue | Villager (Male) |
| 8:51 | Build | House |
| 9:05 | Queue | Villager (Male) |
| 9:18 | Queue | Scout Cavalry |
| 9:19 | Queue | Villager (Male) |
| 9:21 | Queue | Scout Cavalry |
| 9:22 | Queue | Villager (Male) |
| 9:51 | Build | House |
| 9:55 | Queue | Scout Cavalry |
| 10:11 | Research | Horse Collar |
| 10:11 | Research | Horse Collar |
| 10:18 | Queue | Villager (Male) |
| 10:24 | Queue | Scout Cavalry |
| 10:29 | Build | House |
| 10:41 | Build | Farm |
| 10:43 | Build | Farm |
| 10:45 | Build | Farm |
| 10:54 | Queue | Scout Cavalry |
| 10:54 | Queue | Villager (Male) |
| 10:58 | Build | Farm |
| 11:06 | Build | Palisade Wall |
| 11:16 | Build | Farm |
| 11:20 | Queue | Villager (Male) |
| 11:45 | Queue | Scout Cavalry |
| 11:45 | Queue | Villager (Male) |
| 11:59 | Build | Blacksmith |
| 12:05 | Queue | Scout Cavalry |
| 12:06 | Queue | Scout Cavalry |
| 12:13 | Queue | Villager (Male) |
| 12:30 | Queue | Villager (Male) |
| 12:32 | Build | Farm |
| 12:44 | Queue | Villager (Male) |
| 12:46 | Build | Farm |
| 12:51 | Build | House |
| 12:52 | Queue | Scout Cavalry |
| 13:09 | Research | Scale Barding Armor |
| 13:09 | Research | Scale Barding Armor |
| 13:11 | Queue | Villager (Male) |
| 13:22 | Build | Farm |
| 13:26 | Build | Farm |
| 13:28 | Queue | Scout Cavalry |
| 13:29 | Queue | Scout Cavalry |
| 13:44 | Build | House |
| 13:47 | Queue | Villager (Male) |
| 13:54 | Build | Farm |
| 13:54 | Queue | Scout Cavalry |
| 14:10 | Build | Farm |
| 14:18 | Queue | Villager (Male) |
| 14:22 | Build | House |
| 14:24 | Build | Palisade Wall |
| 14:28 | Build | Farm |
| 14:29 | Queue | Scout Cavalry |
| 14:43 | Queue | Villager (Male) |
| 14:45 | Build | Mining Camp |
| 14:57 | Queue | Villager (Male) |
| 15:07 | Queue | Scout Cavalry |
| 15:21 | Build | Farm |
| 15:25 | Build | Farm |
| 15:26 | Queue | Scout Cavalry |
| 15:29 | Queue | Villager (Male) |
| 16:01 | Research | Bloodlines |
| 16:01 | Research | Bloodlines |
| 16:02 | Queue | Villager (Male) |
| 16:09 | Queue | Villager (Male) |
| 16:14 | Build | Stable |
| 16:21 | Queue | Scout Cavalry |
| 16:22 | Queue | Villager (Male) |
| 16:58 | Queue | Villager (Male) |
| 17:01 | Queue | Scout Cavalry |
| 17:10 | Build | House |
| 17:12 | Build | Lumber Camp |
| 17:15 | Build | Lumber Camp |
| 17:16 | Queue | Villager (Male) |
| 17:29 | Queue | Scout Cavalry |
| 17:29 | Queue | Scout Cavalry |
| 17:43 | Queue | Scout Cavalry |
| 17:47 | Build | Farm |
| 17:48 | Build | Farm |
| 17:55 | Build | Farm |
| 18:01 | Build | Farm |
| 18:02 | Queue | Villager (Male) |
| 18:05 | Build | Farm |
| 18:05 | Build | Farm |
| 18:08 | Queue | Scout Cavalry |
| 18:19 | Build | House |
| 18:33 | Build | Farm |
| 18:42 | Queue | Villager (Male) |
| 18:50 | Build | House |
| 19:03 | Build | Farm |
| 19:05 | Queue | Villager (Male) |
| 19:09 | Queue | Scout Cavalry |
| 19:09 | Queue | Scout Cavalry |
| 19:11 | Queue | Villager (Male) |
| 19:22 | Build | House |
| 19:25 | Queue | Villager (Male) |
| 19:33 | Queue | Villager (Male) |
| 19:52 | Queue | Scout Cavalry |
| 19:55 | Build | House |
| 20:03 | Queue | Villager (Male) |
| 20:05 | Build | Farm |
| 20:06 | Build | Farm |
| 20:30 | Build | Palisade Wall |
| 20:33 | Queue | Villager (Male) |
| 20:44 | Research | Forging |
| 20:44 | Research | Forging |
| 20:53 | Research | Wheelbarrow |
| 20:53 | Research | Wheelbarrow |
| 21:24 | Build | Farm |
| 22:13 | Build | Lumber Camp |
| 22:30 | Research | Castle Age |
| 23:01 | Research | Horse Collar |
| 23:02 | Research | Gold Mining |
| 23:02 | Research | Gold Mining |
| 23:05 | Queue | Villager (Male) |
| 23:16 | Build | Stable |
| 23:20 | Build | Stable |
| 24:47 | Build | House |
Build order — Dongart
111 actions detected in the replay
| 0:01 | Queue | Villager (Male) |
| 0:02 | Build | House |
| 0:03 | Queue | Villager (Male) |
| 0:04 | Build | House |
| 0:12 | Queue | Villager (Male) |
| 0:12 | Queue | Villager (Male) |
| 1:33 | Queue | Villager (Male) |
| 1:33 | Queue | Villager (Male) |
| 2:08 | Queue | Villager (Male) |
| 2:08 | Queue | Villager (Male) |
| 2:14 | Build | Lumber Camp |
| 2:31 | Queue | Villager (Male) |
| 2:31 | Queue | Villager (Male) |
| 3:02 | Queue | Villager (Male) |
| 3:25 | Queue | Villager (Male) |
| 3:41 | Build | House |
| 4:19 | Queue | Villager (Male) |
| 4:19 | Queue | Villager (Male) |
| 4:19 | Queue | Villager (Male) |
| 4:19 | Queue | Villager (Male) |
| 4:22 | Build | Mill |
| 4:48 | Queue | Villager (Male) |
| 4:48 | Queue | Villager (Male) |
| 5:33 | Queue | Villager (Male) |
| 6:01 | Queue | Villager (Male) |
| 6:28 | Queue | Villager (Male) |
| 6:48 | Research | Loom |
| 7:01 | Build | House |
| 7:24 | Research | Feudal Age |
| 8:06 | Build | Barracks |
| 8:20 | Build | Palisade Wall |
| 8:22 | Build | Palisade Wall |
| 8:33 | Build | Lumber Camp |
| 8:49 | Build | Mining Camp |
| 9:34 | Age | Feudal Age |
| 9:37 | Queue | Villager (Male) |
| 10:04 | Queue | Spearman |
| 10:09 | Build | Archery Range |
| 10:10 | Queue | Villager (Male) |
| 10:25 | Queue | Villager (Male) |
| 10:29 | Build | Archery Range |
| 10:35 | Research | Double-Bit Axe |
| 10:36 | Research | Double-Bit Axe |
| 11:11 | Queue | Archer |
| 11:12 | Queue | Archer |
| 11:18 | Build | Palisade Wall |
| 11:25 | Build | Blacksmith |
| 11:27 | Queue | Archer |
| 11:46 | Queue | Archer |
| 11:47 | Queue | Archer |
| 12:01 | Queue | Villager (Male) |
| 12:21 | Build | House |
| 12:42 | Queue | Archer |
| 12:42 | Queue | Archer |
| 12:51 | Build | Palisade Gate |
| 12:53 | Build | House |
| 13:01 | Queue | Archer |
| 13:01 | Queue | Archer |
| 13:05 | Queue | Villager (Male) |
| 13:25 | Queue | Archer |
| 13:32 | Build | Palisade Wall |
| 13:40 | Build | Palisade Wall |
| 13:47 | Build | House |
| 13:52 | Build | House |
| 13:58 | Queue | Archer |
| 13:58 | Queue | Villager (Male) |
| 14:10 | Research | Fletching |
| 14:28 | Queue | Archer |
| 14:38 | Build | House |
| 14:39 | Build | House |
| 14:51 | Queue | Archer |
| 14:51 | Queue | Villager (Male) |
| 15:19 | Queue | Archer |
| 15:23 | Queue | Villager (Male) |
| 15:26 | Research | Horse Collar |
| 15:31 | Build | Farm |
| 15:31 | Build | Farm |
| 15:31 | Build | Farm |
| 15:31 | Build | Farm |
| 15:37 | Queue | Archer |
| 15:37 | Queue | Villager (Male) |
| 15:54 | Queue | Archer |
| 16:10 | Queue | Villager (Male) |
| 16:13 | Build | Farm |
| 16:15 | Build | Farm |
| 16:24 | Queue | Archer |
| 16:39 | Queue | Archer |
| 16:39 | Queue | Archer |
| 16:44 | Research | Padded Archer Armor |
| 16:44 | Queue | Villager (Male) |
| 16:48 | Build | Farm |
| 16:48 | Build | Farm |
| 16:49 | Build | Farm |
| 17:38 | Queue | Archer |
| 17:38 | Queue | Archer |
| 17:39 | Queue | Archer |
| 17:50 | Queue | Archer |
| 17:51 | Queue | Villager (Male) |
| 18:10 | Queue | Villager (Male) |
| 18:23 | Queue | Archer |
| 18:43 | Queue | Villager (Male) |
| 18:54 | Queue | Archer |
| 18:54 | Queue | Villager (Male) |
| 19:42 | Queue | Archer |
| 19:43 | Queue | Villager (Male) |
| 19:43 | Queue | Villager (Male) |
| 19:53 | Build | Mining Camp |
| 20:11 | Queue | Archer |
| 20:12 | Queue | Archer |
| 20:17 | Build | Watch Tower |
| 21:12 | Build | House |
Build order — [SotC] Astronomical
137 actions detected in the replay
| 0:00 | Queue | Villager (Male) |
| 0:01 | Queue | Villager (Male) |
| 0:01 | Queue | Villager (Male) |
| 0:02 | Build | House |
| 0:03 | Build | House |
| 0:07 | Queue | Villager (Male) |
| 0:07 | Queue | Villager (Male) |
| 0:08 | Research | Loom |
| 1:28 | Queue | Villager (Male) |
| 1:45 | Build | Lumber Camp |
| 1:55 | Queue | Villager (Male) |
| 1:55 | Queue | Villager (Male) |
| 2:38 | Queue | Villager (Male) |
| 3:03 | Queue | Villager (Male) |
| 3:27 | Queue | Villager (Male) |
| 3:48 | Build | House |
| 3:56 | Queue | Villager (Male) |
| 4:18 | Build | House |
| 4:23 | Queue | Villager (Male) |
| 4:23 | Queue | Villager (Male) |
| 4:55 | Queue | Villager (Male) |
| 5:08 | Queue | Villager (Male) |
| 5:09 | Queue | Villager (Male) |
| 6:25 | Queue | Villager (Male) |
| 6:55 | Build | Mill |
| 7:16 | Research | Feudal Age |
| 7:54 | Build | Barracks |
| 8:54 | Queue | Villager (Male) |
| 9:11 | Build | Palisade Wall |
| 9:13 | Build | Palisade Wall |
| 9:20 | Queue | Villager (Male) |
| 9:26 | Age | Feudal Age |
| 9:28 | Build | Stable |
| 9:38 | Research | Double-Bit Axe |
| 9:51 | Build | House |
| 9:56 | Queue | Villager (Male) |
| 10:08 | Queue | Scout Cavalry |
| 10:08 | Queue | Scout Cavalry |
| 10:12 | Research | Horse Collar |
| 10:17 | Queue | Villager (Male) |
| 10:28 | Build | House |
| 10:32 | Build | House |
| 10:38 | Build | Farm |
| 10:41 | Queue | Villager (Male) |
| 10:48 | Queue | Scout Cavalry |
| 10:53 | Build | Farm |
| 11:05 | Queue | Villager (Male) |
| 11:13 | Build | House |
| 11:22 | Queue | Scout Cavalry |
| 11:23 | Queue | Villager (Male) |
| 11:26 | Build | Palisade Wall |
| 11:42 | Build | Blacksmith |
| 11:44 | Queue | Villager (Male) |
| 11:55 | Build | House |
| 12:03 | Queue | Villager (Male) |
| 12:20 | Queue | Scout Cavalry |
| 12:36 | Build | Farm |
| 12:38 | Build | Farm |
| 12:38 | Build | Farm |
| 12:56 | Queue | Villager (Male) |
| 12:59 | Build | Farm |
| 13:01 | Build | Farm |
| 13:01 | Build | Farm |
| 13:06 | Build | House |
| 13:07 | Build | House |
| 13:28 | Queue | Scout Cavalry |
| 13:40 | Build | Farm |
| 13:46 | Build | Farm |
| 13:46 | Queue | Villager (Male) |
| 13:59 | Queue | Scout Cavalry |
| 14:14 | Queue | Scout Cavalry |
| 14:32 | Build | Farm |
| 14:33 | Build | Farm |
| 14:44 | Queue | Scout Cavalry |
| 14:45 | Queue | Villager (Male) |
| 14:49 | Build | Mining Camp |
| 14:55 | Queue | Villager (Male) |
| 14:59 | Build | Farm |
| 15:35 | Research | Scale Barding Armor |
| 15:36 | Queue | Villager (Male) |
| 15:47 | Queue | Scout Cavalry |
| 16:05 | Build | Palisade Wall |
| 16:08 | Queue | Scout Cavalry |
| 16:10 | Queue | Villager (Male) |
| 16:16 | Build | Farm |
| 16:17 | Build | Farm |
| 16:23 | Queue | Scout Cavalry |
| 16:42 | Research | Bloodlines |
| 16:47 | Build | Farm |
| 16:54 | Build | House |
| 16:59 | Queue | Scout Cavalry |
| 17:00 | Queue | Villager (Male) |
| 17:20 | Queue | Villager (Male) |
| 17:33 | Queue | Villager (Male) |
| 17:45 | Queue | Villager (Male) |
| 17:55 | Build | House |
| 18:05 | Queue | Scout Cavalry |
| 18:06 | Queue | Villager (Male) |
| 18:28 | Queue | Scout Cavalry |
| 18:29 | Queue | Villager (Male) |
| 18:40 | Queue | Scout Cavalry |
| 18:45 | Research | Wheelbarrow |
| 18:50 | Build | Market |
| 20:11 | Build | Lumber Camp |
| 20:30 | Build | House |
| 20:31 | Build | House |
| 20:35 | Build | Farm |
| 20:53 | Research | Castle Age |
| 20:56 | Build | Lumber Camp |
| 21:21 | Research | Gold Mining |
| 21:24 | Build | House |
| 21:34 | Queue | Villager (Male) |
| 22:12 | Build | Palisade Wall |
| 22:56 | Build | Stable |
| 23:33 | Age | Castle Age |
| 23:35 | Research | Light Cavalry (upgrade) |
| 23:40 | Research | Husbandry |
| 23:49 | Build | Stable |
| 23:52 | Queue | Knight |
| 23:53 | Queue | Knight |
| 23:53 | Queue | Knight |
| 23:57 | Queue | Villager (Male) |
| 23:59 | Build | Town Center |
| 24:02 | Research | Bow Saw |
| 24:03 | Research | Heavy Plow |
| 24:10 | Queue | Scout Cavalry |
| 24:10 | Queue | Scout Cavalry |
| 24:25 | Queue | Knight |
| 24:25 | Queue | Knight |
| 24:32 | Queue | Villager (Male) |
| 24:36 | Build | Farm |
| 24:36 | Build | Farm |
| 24:37 | Build | Farm |
| 24:38 | Build | Farm |
| 24:39 | Build | Farm |
| 24:40 | Build | Farm |
| 24:43 | Queue | Villager (Male) |
Build order — AiM | PoRRo
115 actions detected in the replay
| 0:01 | Queue | Villager (Male) |
| 0:03 | Build | House |
| 0:04 | Build | House |
| 0:26 | Queue | Villager (Male) |
| 0:26 | Queue | Villager (Male) |
| 0:26 | Queue | Villager (Male) |
| 0:26 | Queue | Villager (Male) |
| 0:27 | Queue | Villager (Male) |
| 1:24 | Queue | Villager (Male) |
| 1:49 | Queue | Villager (Male) |
| 1:49 | Queue | Villager (Male) |
| 2:21 | Queue | Villager (Male) |
| 2:21 | Queue | Villager (Male) |
| 2:21 | Queue | Villager (Male) |
| 2:24 | Build | Lumber Camp |
| 2:58 | Queue | Villager (Male) |
| 2:59 | Queue | Villager (Male) |
| 2:59 | Queue | Villager (Male) |
| 2:59 | Queue | Villager (Male) |
| 2:59 | Queue | Villager (Male) |
| 3:12 | Build | House |
| 3:44 | Queue | Villager (Male) |
| 3:44 | Queue | Villager (Male) |
| 3:57 | Queue | Villager (Male) |
| 3:57 | Queue | Villager (Male) |
| 4:07 | Queue | Villager (Male) |
| 4:07 | Queue | Villager (Male) |
| 4:07 | Queue | Villager (Male) |
| 4:26 | Build | House |
| 4:42 | Queue | Villager (Male) |
| 4:52 | Queue | Villager (Male) |
| 4:52 | Queue | Villager (Male) |
| 5:15 | Build | Mill |
| 5:34 | Queue | Villager (Male) |
| 5:56 | Queue | Villager (Male) |
| 6:29 | Research | Loom |
| 7:08 | Research | Feudal Age |
| 7:48 | Build | Barracks |
| 9:03 | Queue | Villager (Male) |
| 9:19 | Age | Feudal Age |
| 9:20 | Build | Stable |
| 9:24 | Research | Double-Bit Axe |
| 9:37 | Queue | Villager (Male) |
| 9:44 | Build | Farm |
| 9:50 | Queue | Villager (Male) |
| 10:02 | Queue | Scout Cavalry |
| 10:02 | Queue | Scout Cavalry |
| 10:15 | Build | Farm |
| 10:23 | Build | Farm |
| 10:27 | Queue | Villager (Male) |
| 10:29 | Queue | Scout Cavalry |
| 10:31 | Build | House |
| 10:49 | Queue | Villager (Male) |
| 11:14 | Queue | Villager (Male) |
| 11:16 | Build | Farm |
| 11:17 | Build | Farm |
| 11:23 | Queue | Scout Cavalry |
| 11:26 | Build | House |
| 11:46 | Queue | Scout Cavalry |
| 12:03 | Queue | Villager (Male) |
| 12:06 | Build | Farm |
| 12:26 | Build | Blacksmith |
| 12:28 | Queue | Villager (Male) |
| 12:30 | Build | Farm |
| 12:55 | Queue | Scout Cavalry |
| 13:07 | Build | Farm |
| 13:08 | Build | Farm |
| 13:16 | Build | Farm |
| 13:20 | Research | Scale Barding Armor |
| 13:29 | Queue | Villager (Male) |
| 13:32 | Build | Farm |
| 14:22 | Queue | Villager (Male) |
| 14:23 | Queue | Villager (Male) |
| 14:40 | Queue | Villager (Male) |
| 14:42 | Build | Farm |
| 14:44 | Queue | Scout Cavalry |
| 14:44 | Queue | Scout Cavalry |
| 14:55 | Build | Stable |
| 14:59 | Build | Farm |
| 15:26 | Queue | Scout Cavalry |
| 15:40 | Queue | Villager (Male) |
| 15:43 | Build | House |
| 15:45 | Build | Farm |
| 15:47 | Build | Farm |
| 15:54 | Queue | Scout Cavalry |
| 16:00 | Build | Farm |
| 16:07 | Queue | Scout Cavalry |
| 16:12 | Queue | Villager (Male) |
| 16:16 | Build | Farm |
| 16:17 | Build | Farm |
| 16:19 | Build | Farm |
| 16:26 | Queue | Scout Cavalry |
| 16:35 | Queue | Villager (Male) |
| 16:37 | Build | Mining Camp |
| 16:46 | Build | House |
| 16:50 | Build | House |
| 16:52 | Build | House |
| 17:02 | Queue | Scout Cavalry |
| 17:24 | Queue | Scout Cavalry |
| 17:35 | Research | Forging |
| 17:48 | Queue | Villager (Male) |
| 17:52 | Build | House |
| 18:47 | Research | Bloodlines |
| 18:48 | Queue | Villager (Male) |
| 19:09 | Queue | Villager (Male) |
| 19:14 | Build | Donjon |
| 19:18 | Build | Farm |
| 19:26 | Queue | Villager (Male) |
| 19:29 | Build | Farm |
| 19:33 | Research | Horse Collar |
| 19:40 | Build | House |
| 19:45 | Build | House |
| 19:48 | Build | House |
| 19:54 | Research | Wheelbarrow |
| 20:30 | Build | Farm |
Build order — [SotC] Nettis
First 150 of 183 actions detected
| 0:00 | Queue | Villager (Male) |
| 0:01 | Queue | Villager (Male) |
| 0:01 | Queue | Villager (Male) |
| 0:02 | Build | House |
| 0:03 | Build | House |
| 0:15 | Queue | Villager (Male) |
| 0:15 | Queue | Villager (Male) |
| 1:30 | Queue | Villager (Male) |
| 1:30 | Queue | Villager (Male) |
| 1:48 | Build | Lumber Camp |
| 1:48 | Queue | Villager (Male) |
| 1:48 | Queue | Villager (Male) |
| 2:21 | Queue | Villager (Male) |
| 2:21 | Queue | Villager (Male) |
| 2:53 | Queue | Villager (Male) |
| 2:53 | Queue | Villager (Male) |
| 2:57 | Queue | Villager (Male) |
| 3:26 | Build | House |
| 3:29 | Build | House |
| 3:41 | Queue | Villager (Male) |
| 3:41 | Queue | Villager (Male) |
| 4:04 | Queue | Villager (Male) |
| 4:04 | Queue | Villager (Male) |
| 4:07 | Build | House |
| 4:34 | Queue | Villager (Male) |
| 4:34 | Queue | Villager (Male) |
| 4:34 | Queue | Villager (Male) |
| 4:34 | Queue | Villager (Male) |
| 4:40 | Build | Mill |
| 5:13 | Queue | Villager (Male) |
| 5:14 | Queue | Villager (Male) |
| 5:14 | Queue | Villager (Male) |
| 5:44 | Queue | Villager (Male) |
| 5:55 | Research | Loom |
| 6:41 | Research | Feudal Age |
| 6:41 | Research | Feudal Age |
| 7:20 | Build | Barracks |
| 7:22 | Build | House |
| 7:53 | Build | Mining Camp |
| 8:07 | Queue | Villager (Male) |
| 8:09 | Queue | Villager (Male) |
| 8:38 | Queue | Villager (Male) |
| 8:39 | Queue | Villager (Male) |
| 8:51 | Age | Feudal Age |
| 8:51 | Queue | Villager (Male) |
| 8:56 | Build | Archery Range |
| 8:58 | Build | Palisade Wall |
| 9:21 | Queue | Villager (Male) |
| 9:39 | Queue | Archer |
| 9:40 | Build | Archery Range |
| 10:05 | Queue | Villager (Male) |
| 10:12 | Build | Palisade Wall |
| 10:18 | Queue | Archer |
| 10:34 | Build | Palisade Wall |
| 10:37 | Build | Palisade Wall |
| 10:40 | Build | Palisade Wall |
| 10:41 | Build | Palisade Wall |
| 10:44 | Queue | Archer |
| 10:45 | Queue | Archer |
| 10:57 | Research | Double-Bit Axe |
| 10:58 | Research | Double-Bit Axe |
| 11:08 | Build | Blacksmith |
| 11:12 | Queue | Villager (Male) |
| 11:13 | Queue | Villager (Male) |
| 11:23 | Build | Farm |
| 11:28 | Build | Palisade Wall |
| 11:31 | Queue | Archer |
| 11:43 | Build | House |
| 11:45 | Queue | Villager (Male) |
| 11:46 | Queue | Villager (Male) |
| 11:49 | Build | House |
| 11:55 | Queue | Archer |
| 12:07 | Queue | Archer |
| 12:16 | Queue | Archer |
| 12:17 | Queue | Archer |
| 12:31 | Queue | Villager (Male) |
| 12:33 | Build | Farm |
| 12:34 | Build | Farm |
| 12:44 | Build | House |
| 12:48 | Queue | Archer |
| 13:06 | Queue | Villager (Male) |
| 13:08 | Build | Farm |
| 13:10 | Build | Farm |
| 13:19 | Queue | Villager (Male) |
| 13:21 | Queue | Archer |
| 13:22 | Queue | Archer |
| 13:31 | Build | House |
| 13:41 | Build | Palisade Wall |
| 13:42 | Build | Palisade Wall |
| 13:47 | Queue | Archer |
| 13:55 | Queue | Archer |
| 14:03 | Build | House |
| 14:07 | Queue | Villager (Male) |
| 14:08 | Queue | Villager (Male) |
| 14:10 | Build | Palisade Wall |
| 14:16 | Build | Palisade Wall |
| 14:19 | Build | Farm |
| 14:23 | Build | Farm |
| 14:26 | Build | Farm |
| 14:29 | Queue | Archer |
| 14:30 | Queue | Archer |
| 14:43 | Build | Farm |
| 14:45 | Queue | Villager (Male) |
| 14:48 | Build | Palisade Wall |
| 14:54 | Queue | Archer |
| 14:54 | Queue | Archer |
| 14:58 | Queue | Villager (Male) |
| 15:19 | Research | Fletching |
| 15:19 | Research | Fletching |
| 15:19 | Research | Fletching |
| 15:20 | Queue | Archer |
| 15:29 | Build | Farm |
| 15:30 | Build | Farm |
| 15:35 | Queue | Archer |
| 15:43 | Queue | Archer |
| 15:55 | Queue | Villager (Male) |
| 15:55 | Queue | Villager (Male) |
| 16:06 | Queue | Archer |
| 16:07 | Queue | Archer |
| 16:30 | Queue | Archer |
| 16:32 | Queue | Villager (Male) |
| 16:32 | Queue | Villager (Male) |
| 17:08 | Queue | Archer |
| 17:08 | Queue | Archer |
| 17:09 | Queue | Villager (Male) |
| 17:32 | Build | Farm |
| 17:33 | Build | Farm |
| 17:35 | Build | Farm |
| 17:36 | Build | Farm |
| 17:37 | Build | House |
| 17:47 | Queue | Villager (Male) |
| 17:55 | Queue | Archer |
| 17:55 | Queue | Archer |
| 18:05 | Build | House |
| 18:08 | Build | Farm |
| 18:12 | Queue | Archer |
| 18:12 | Queue | Archer |
| 18:26 | Research | Padded Archer Armor |
| 18:26 | Research | Padded Archer Armor |
| 18:38 | Queue | Villager (Male) |
| 18:56 | Queue | Villager (Male) |
| 18:58 | Queue | Archer |
| 18:59 | Queue | Archer |
| 18:59 | Queue | Archer |
| 19:02 | Build | Farm |
| 19:07 | Build | Farm |
| 19:38 | Queue | Archer |
| 19:38 | Queue | Archer |
| 19:41 | Queue | Villager (Male) |
| 20:09 | Queue | Villager (Male) |
Match timeline
| 2:13 | [SotC] Spirit · wall_segment Palisade Wall x1 |
| 2:14 | [SotC] Spirit · wall_segment Palisade Wall x1 |
| 2:15 | [SotC] Spirit · wall_segment Palisade Wall x1 |
| 2:16 | [SotC] Spirit · wall_segment Palisade Wall x1 |
| 7:20 | [SotC] Nettis · first_building Barracks |
| 7:35 | [SotC] PerezPodrido · first_building Barracks |
| 7:48 | AiM | PoRRo · first_building Barracks |
| 7:53 | |MP| Juanete177 · first_building Barracks |
| 7:54 | [SotC] Astronomical · first_building Barracks |
| 7:55 | TKB_ · first_building Barracks |
| 8:06 | Dongart · first_building Barracks |
| 8:20 | Dongart · wall_segment Palisade Wall x8 |
| 8:22 | Dongart · wall_segment Palisade Wall x5 |
| 8:25 | [SotC] Spirit · first_building Barracks |
| 8:26 | [SotC] PerezPodrido · age_up feudal |
| 8:33 | [SotC] PerezPodrido · first_building Stable |
| 8:51 | [SotC] Nettis · age_up feudal |
| 8:51 | TKB_ · wall_segment Palisade Wall x7 |
| 8:56 | [SotC] Nettis · first_building Archery Range |
| 8:57 | |MP| Juanete177 · age_up feudal |
| 8:58 | [SotC] Nettis · wall_segment Palisade Wall x3 |
| 9:01 | |MP| Juanete177 · first_building Stable |
| 9:11 | [SotC] Astronomical · wall_segment Palisade Wall x1 |
| 9:13 | [SotC] Astronomical · wall_segment Palisade Wall x1 |
| 9:19 | AiM | PoRRo · age_up feudal |
| 9:20 | AiM | PoRRo · first_building Stable |
| 9:22 | TKB_ · wall_segment Palisade Wall x3 |
| 9:26 | [SotC] Astronomical · age_up feudal |
| 9:27 | [SotC] Spirit · wall_segment Palisade Wall x3 |
| 9:28 | [SotC] Astronomical · first_building Stable |
| 9:28 | TKB_ · age_up feudal |
| 9:29 | [SotC] Spirit · wall_segment Palisade Wall x3 |
| 9:31 | TKB_ · first_building Archery Range |
| 9:34 | [SotC] Spirit · wall_segment Palisade Wall x2 |
| 9:34 | Dongart · age_up feudal |
| 9:41 | [SotC] Spirit · age_up feudal |
| 9:47 | TKB_ · wall_segment Palisade Wall x3 |
| 9:48 | [SotC] Spirit · first_building Archery Range |
| 10:09 | Dongart · first_building Archery Range |
| 10:11 | |MP| Juanete177 · wall_segment Palisade Wall x5 |
| 10:12 | [SotC] Nettis · wall_segment Palisade Wall x7 |
| 10:34 | [SotC] Nettis · wall_segment Palisade Wall x6 |
| 10:35 | [SotC] Spirit · wall_segment Palisade Wall x1 |
| 10:37 | [SotC] Nettis · wall_segment Palisade Wall x4 |
| 10:40 | [SotC] Nettis · wall_segment Palisade Wall x3 |
| 10:41 | [SotC] Nettis · wall_segment Palisade Wall x2 |
| 11:06 | [SotC] PerezPodrido · wall_segment Palisade Wall x5 |
| 11:15 | |MP| Juanete177 · wall_segment Palisade Wall x8 |
| 11:18 | Dongart · wall_segment Palisade Wall x1 |
| 11:26 | [SotC] Astronomical · wall_segment Palisade Wall x1 |
| 11:28 | [SotC] Nettis · wall_segment Palisade Wall x9 |
| 12:14 | [SotC] Spirit · wall_segment Palisade Wall x8 |
| 12:15 | [SotC] Spirit · wall_segment Palisade Wall x1 |
| 13:15 | [SotC] Spirit · wall_segment Palisade Wall x3 |
| 13:17 | |MP| Juanete177 · wall_segment Palisade Wall x9 |
| 13:32 | Dongart · wall_segment Palisade Wall x5 |
| 13:40 | Dongart · wall_segment Palisade Wall x8 |
| 13:41 | [SotC] Nettis · wall_segment Palisade Wall x9 |
| 13:42 | [SotC] Nettis · wall_segment Palisade Wall x6 |
| 14:10 | [SotC] Nettis · wall_segment Palisade Wall x3 |
| 14:16 | [SotC] Nettis · wall_segment Palisade Wall x9 |
| 14:24 | [SotC] PerezPodrido · wall_segment Palisade Wall x8 |
| 14:48 | [SotC] Nettis · wall_segment Palisade Wall x10 |
| 14:55 | [SotC] Spirit · wall_segment Palisade Wall x5 |
| 15:11 | TKB_ · wall_segment Palisade Wall x1 |
| 15:31 | |MP| Juanete177 · wall_segment Palisade Wall x17 |
| 16:05 | [SotC] Astronomical · wall_segment Palisade Wall x10 |
| 16:24 | [SotC] Spirit · wall_segment Palisade Wall x11 |
| 17:55 | TKB_ · first_market_sell 500 stone |
| 18:25 | TKB_ · first_market_buy 100 food |
| 18:48 | [SotC] Spirit · wall_segment Palisade Wall x16 |
| 19:14 | AiM | PoRRo · first_building Donjon |
| 19:31 | TKB_ · wall_segment Palisade Wall x1 |
| 19:32 | TKB_ · wall_segment Palisade Wall x1 |
| 20:30 | [SotC] PerezPodrido · wall_segment Palisade Wall x12 |
| 21:01 | AiM | PoRRo · resign |
| 21:21 | [SotC] Spirit · wall_segment Palisade Wall x5 |
| 21:51 | TKB_ · age_up castle |
| 22:12 | [SotC] Astronomical · wall_segment Palisade Wall x12 |
| 23:08 | |MP| Juanete177 · wall_segment Palisade Wall x1 |
| 23:10 | |MP| Juanete177 · wall_segment Palisade Wall x1 |
| 23:33 | [SotC] Astronomical · age_up castle |
| 23:54 | [SotC] Nettis · age_up castle |
| 24:04 | [SotC] Spirit · wall_segment Palisade Wall x1 |
| 24:07 | [SotC] Spirit · age_up castle |
| 24:48 | [SotC] PerezPodrido · wall_segment Palisade Wall x1 |
[ AI ANALYSIS · 1 CREDIT ]
What really happened in this match?
Wolo.gg analyzes every decision: build order, eco, micro, common mistakes by bracket. Personalized analysis on WhatsApp or Discord in 30 seconds.
Civ guide
Malians
Perfil
Jugador #3237533